 Dungeon Crawl Stone Soup version 0.26.1-11-gd32895ea62 (webtiles) character file.

Game seed: 12230711877114109066

104 Zeld the Twirler (level 4, -1/29 HPs)
             Began as an Octopode Gladiator on May 22, 2021.
             Slain by a hound (5 damage)
             ... on level 3 of the Dungeon.
             The game lasted 00:02:41 (3165 turns).

Zeld the Twirler (Octopode Gladiator)               Turns: 3165, Time: 00:02:43

Health: -1/29      AC:  1    Str: 14    XL:     4   Next: 80%
Magic:  4/4        EV: 14    Int: 10    God:
Gold:   150        SH:  0    Dex: 13    Spells: 3/3 levels left

rFire    . . .     SeeInvis .   a - +0 quarterstaff
rCold    . . .     Faith    .   (shield currently unavailable)
rNeg     . . .     Spirit   .   b - +0 hat
rPois    .         Reflect  .   (no amulet)
rElec    .         Harm     .   (no ring)
rCorr    .         Rampage  .   (no ring)
Will     .....                  (no ring)
Stlth    ++........             (no ring)
HPRegen  0.09/turn              (no ring)
MPRegen  0.09/turn              (no ring)
                                (no ring)
                                (no ring)

@: no status effects
A: almost no armour, stealthy swim, amphibious, 8 rings, constrict 8, camouflage
1, gelatinous body 1
a: no special abilities


You were on level 3 of the Dungeon.
You visited 1 branch of the dungeon, and saw 3 of its levels.

You collected 150 gold pieces.

Inventory:

Hand Weapons
 a - a +0 quarterstaff (weapon)
Missiles
 c - 5 throwing nets (quivered)
 d - 5 javelins
Armour
 b - a +0 hat (worn)
Jewellery
 i - an uncursed ring of resist corrosion {unknown}
 o - a cursed ring of teleportation {unknown}
Wands
 m - a wand of disintegration (15)
Scrolls
 h - 3 scrolls of remove curse {unknown}
 l - 3 scrolls of teleportation {unknown}
 n - a scroll of noise {unknown}
Potions
 e - 3 potions of curing {unknown}
 f - 3 potions of lignification {unknown}
 g - a potion of flight {unknown}
 j - 2 potions of brilliance {unknown}
 k - 3 potions of heal wounds {unknown}


   Skills:
 - Level 2.0 Fighting
 * Level 5.3 Staves
 - Level 2.0 Throwing
 - Level 3.0 Dodging


You had 3 spell levels left.
You didn't know any spells.
Your spell library was empty.

Dungeon Overview and Level Annotations

Branches:
Dungeon (3/15)

Altars:
Ashenzari
Xom

Annotations:
D:3 Purgy


Innate Abilities, Weirdness & Mutations

You cannot wear most types of armour.
You are very stealthy in the water. (Stealth+)
You are amphibious.
You can wear up to eight rings at the same time.
You can use your tentacles to constrict eight enemies at once.
Your skin changes colour to match your surroundings (Stealth+).
Your rubbery body absorbs attacks. (AC +1, EV +1)


Message History

You closely miss the hound. Your grab misses the hound.
Your squeeze misses the hound. The hound bites you but does no damage.
The hound misses you.
You closely miss the hound. Your grab misses the hound. The hound bites you.
* * * LOW HITPOINT WARNING * * *
You hit the hound. Your grab misses the hound.
The hound is lightly wounded.
The hound barely misses you. The hound bites you.
* * * LOW HITPOINT WARNING * * *
You closely miss the hound. You grab the hound.
The hound is lightly wounded.
You constrict the hound, but do no damage.
The hound misses you.
You sock the hound!
The hound is severely wounded.
You constrict the hound, but do no damage.
The hound bites you.
* * * LOW HITPOINT WARNING * * *
The hound bites you.
You die...

#.........#.<...#.##.
#.....r...###.#.#.##.
#......... ##.#....(.
#........ #.>....###
....... ##.#.#..# #
...K###..#.#..# #
#..##.....#.## #
#.######)......##.####
#....@hK.....#.[......
#######.....#####.####
#.......####.##
####.#...#......)###
##....#..#######...).
#..####..### #...##
##.###......## ##.#.##
#..##.)#.##..###..#.#
##.##.##..##..##.##.#


You could see a hound and a kobold.

Vanquished Creatures
  3 adders
  An ooze (D:2)
  4 worms
  A dart slug (D:2)
  5 leopard geckos
  An orc (D:3)
  4 giant cockroaches
  6 goblins
  5 hobgoblins
  A quokka (D:2)
  A ball python (D:3)
  12 bats
  3 frilled lizards
  3 kobolds
  5 rats
55 creatures vanquished.

Notes
Turn   | Place    | Note
-------+----------+-------------------------------------------
     0 | D:1      | Zeld the Octopode Gladiator began the quest for the Orb.
     0 | D:1      | Reached XP level 1. HP: 14/14 MP: 1/1
   128 | D:1      | Found a broken altar of Ashenzari.
   382 | D:1      | Reached XP level 2. HP: 19/19 MP: 2/2
   912 | D:1      | Reached skill level 4 in Staves
  1187 | D:2      | Reached XP level 3. HP: 20/24 MP: 3/3
  1891 | D:2      | Reached XP level 4. HP: 29/29 MP: 4/4
  2221 | D:3      | Reached skill level 5 in Staves
  2671 | D:3      | Noticed Purgy
  3137 | D:3      | Found a shimmering altar of Xom.
  3165 | D:3      | Slain by a hound

Illustrated notes

Levels and vault maps discovered:
D:1:      dpeg_arrival_tiny_g, layout_basic, ashenzari_altar_1
D:2:      layout_loops_ring, minmay_pentomino_u2
D:3:      layout_rooms, xom_teletrap_fun, grunt_ministairs_5, bh_walls_and_bars,
          uniq_jessica, uniq_crazy_yiuf_cottage, uniq_purgy

Skill      XL: |  1  2  3  4 |
---------------+-------------+-----
Staves         | 4 5 |  5.3
Fighting       | |  2.0
Throwing       | |  2.0
Dodging        | |  3.0

Action                   |  1- 3 |  4- 6 || total
-------------------------+-------+-------++-------
Melee: Quarterstaff      |    58 |    61 ||   119
       Constrict         |    20 |    15 ||    35
       Tentacles         |    10 |     5 ||    15
 Stab: Sleeping          |     5 |     1 ||     6
Armor: Skin              |     6 |     7 ||    13
Dodge: Dodged            |    40 |    48 ||    88
